 Dungeon Crawl Stone Soup version 0.24.1-4-ge52af88ad5 (webtiles) character file.

Game seed: 6615426426998925011, levelgen mode: deterministic

148950 Peloso the Peltast (level 16, -6/149 HPs)
             Began as a Minotaur Fighter on Apr 14, 2020.
             Was the Champion of Okawaru.
             Mangled by a shock serpent (14 damage)
             ... on level 1 of the Snake Pit.
             The game lasted 01:30:19 (31652 turns).

Peloso the Peltast (Minotaur Fighter)              Turns: 31652, Time: 01:30:19

Health: -6/149     AC: 23    Str: 25    XL:     16   Next: 95%
Magic:  17/17      EV: 12    Int:  9    God:    Okawaru [******]
Gold:   3255       SH: 17    Dex: 13    Spells: 16/16 levels left

rFire    + + .     SeeInvis +   a - +4 double sword (elec)
rCold    + + .     Gourm    +   c - +2 shield of Resistance {rF+ rC+ MR+}
rNeg     . . .     Faith    .   o - +2 chain mail {rC+}
rPois    +         Spirit   .   j - +1 hat {SInv}
rElec    .         Reflect  .   (no cloak)
rCorr    .         Harm     .   p - +3 pair of gauntlets of War {Slay+5}
MR       +++..                  M - +1 pair of boots
Stlth    ..........             G - amulet "Jud Resa" {Gourm rPois MR+ Int+4}
HPRegen  0.34/turn              r - ring of protection from fire
MPRegen  0.15/turn              t - ring of flight

@: no status effects
A: retaliatory headbutt, horns 2
a: Heroism, Finesse, Renounce Religion, Evoke Flight


You were on level 1 of the Snake Pit.
You worshipped Okawaru.
Okawaru was exalted by your worship.
You were not hungry.

You visited 5 branches of the dungeon, and saw 25 of its levels.
You also visited: Trove, Ossuary, Bailey, Ice Cave and Volcano.

You collected 4959 gold pieces.
You spent 1704 gold pieces at shops.

Inventory:

Hand Weapons
 a - a +4 double sword of electrocution (weapon)
 b - a +3 scimitar of flaming
Armour
 c - the +2 shield of Resistance (worn) {rF+ rC+ MR+}
   (You found it on level 13 of the Dungeon)

   It protects you from fire.
   It protects you from cold.
   It affects your resistance to hostile enchantments.
 j - a +1 hat of see invisible (worn)
 o - a +2 chain mail of cold resistance (worn)
 p - the +3 pair of gauntlets of War (worn) {Slay+5}
   (You found it in a volcano)

   It affects your accuracy and damage with ranged weapons and melee attacks
   (+5).
 M - a +1 pair of boots (worn)
Jewellery
 g - the amulet "Cyid" {Spirit rElec SInv}
   (You found it in a treasure trove)

   [amulet of guardian spirit]

   It causes incoming damage to be split between your health and magic.
   It insulates you from electricity.
   It lets you see invisible.
 r - a ring of protection from fire (left hand)
 t - a ring of flight (right hand)
 w - an uncursed ring of see invisible
 G - the amulet "Jud Resa" (around neck) {Gourm rPois MR+ Int+4}
   (You bought it in a shop on level 2 of the Orcish Mines)

   [amulet of the gourmand]

   It allows you to eat raw meat even when not hungry.
   It affects your intelligence (+4).
   It protects you from poison.
   It affects your resistance to hostile enchantments.
 K - the amulet of the Meadowlark {Reflect MR+ SH+2}
   (You bought it in a shop on level 2 of the Orcish Mines)

   [amulet of reflection]

   It shields you and reflects attacks.
   It affects your resistance to hostile enchantments.
   It affects your SH (+2).
 N - an uncursed ring of protection from magic
Wands
 L - a wand of digging (4)
Scrolls
 h - 7 scrolls of identify
 i - 6 scrolls of teleportation
 k - a scroll of fear
 m - 12 scrolls of remove curse
 n - 4 scrolls of blinking
 s - 2 scrolls of noise
 E - 2 scrolls of magic mapping
Potions
 d - 7 potions of might
 v - 7 potions of heal wounds
 A - 4 potions of agility
 B - 4 potions of flight
 D - 3 potions of curing
 I - 3 potions of haste
 O - a potion of mutation
 Q - a potion of resistance
Comestibles
 f - 41 rations


   Skills:
 + Level 15.5 Fighting
 + Level 17.1 Long Blades
   Level 6.1 Axes
 + Level 1.3 Throwing
 + Level 14.7 Armour
 + Level 7.2 Dodging
 + Level 2.5 Stealth
 + Level 18.2 Shields
 + Level 1.5 Unarmed Combat
 + Level 0.8 Spellcasting
 + Level 3.0 Invocations
 + Level 3.5 Evocations


You had 16 spell levels left.
You didn't know any spells.
Your spell library contained the following spells:

 Spells                   Type           Power        Failure   Level  Hunger
 Beastly Appendage        Tmut           #.....       83%         1    ##.....
 Flame Tongue             Conj/Fire      #....        83%         1    ##.....
 Magic Dart               Conj           #...         83%         1    ##.....
 Sting                    Conj/Pois      #...         83%         1    ##.....
 Summon Small Mammal      Summ           #...         83%         1    ##.....
 Call Imp                 Summ           #.......     93%         2    ###....
 Ensorcelled Hibernation  Hex/Ice        #.....       93%         2    ###....
 Poisonous Vapours        Pois/Air       #.....       93%         2    ###....
 Searing Ray              Conj           #.....       93%         2    ###....
 Sticks to Snakes         Tmut           #.......     93%         2    ###....
 Throw Flame              Conj/Fire      #.....       93%         2    ###....
 Throw Frost              Conj/Ice       #.....       93%         2    ###....
 Call Canine Familiar     Summ           #.......     99%         3    ####...
 Conjure Flame            Conj/Fire      #.......     99%         3    ####...
 Dazzling Spray           Conj/Hex       #.....       99%         3    ####...
 Inner Flame              Hex/Fire       #.......     99%         3    ####...
 Mephitic Cloud           Conj/Pois/Air  #.......     99%         3    ####...
 Recall                   Summ/Tloc      N/A          99%         3    ####...
 Spider Form              Tmut/Pois      #.........   99%         3    ####...
 Summon Guardian Golem    Hex/Summ       #.......     99%         3    ####...
 Animate Dead             Necr           N/A          100%        4    #####..
 Force Lance              Conj/Tloc      #.......     100%        4    #####..
 Fulminant Prism          Conj/Hex       #.........   100%        4    #####..
 Ice Form                 Ice/Tmut       #.......     100%        4    #####..
 Iskenderun's Mystic Bla  Conj           #.......     100%        4    #####..
 Olgreb's Toxic Radiance  Pois           #.......     100%        4    #####..
 Sticky Flame             Conj/Fire      #.......     100%        4    #####..
 Summon Ice Beast         Ice/Summ       #.......     100%        4    #####..
 Summon Lightning Spire   Summ/Air       #.......     100%        4    #####..
 Throw Icicle             Conj/Ice       #.......     100%        4    #####..
 Blade Hands              Tmut           #.........   100%        5    ######.
 Borgnjor's Vile Clutch   Necr/Erth      #.........   100%        5    ######.
 Fireball                 Conj/Fire      #.........   100%        5    ######.
 Metabolic Englaciation   Hex/Ice        #.........   100%        5    ######.
 Venom Bolt               Conj/Pois      #.........   100%        5    ######.
 Bolt of Cold             Conj/Ice       #.........   100%        6    #######
 Death Channel            Necr           #.........   100%        6    #######
 Freezing Cloud           Conj/Ice/Air   #.........   100%        6    #######
 Simulacrum               Ice/Necr       #.........   100%        6    #######
 Ring of Flames           Chrm/Fire      #.........   100%        7    #######


Dungeon Overview and Level Annotations

Branches:
Dungeon (15/15)            Temple (1/1) D:5            Lair (6/6) D:10
 Shoals (0/4) Lair:3        Snake (1/4) Lair:2        Slime (0/5) Lair:5
    Orc (2/2) D:12            Elf (0/3) Orc:2        Vaults (0/5) D:13
 Depths (0/5) D:15        Ossuary (visited)          Bailey (visited)
  IceCv (visited)         Volcano (visited)

Altars:
Ashenzari
Cheibriados
Dithmenos
Elyvilon
Fedhas
Gozag
Hepliaklqana
Kikubaaqudgha
Makhleb
Nemelex Xobeh
Okawaru
Qazlal
Ru
Sif Muna
Trog
Uskayaw
Vehumet
Wu Jian
Xom
Yredelemnul
Zin
The Shining One

Shops:
D:7 [   Orc:2 }==:

Annotations:
D:5 1 runed translucent door, Peloso's ghost, novice MiFi
D:13 1 runed translucent door


Innate Abilities, Weirdness & Mutations

You reflexively headbutt those who attack you in melee.
You have a pair of horns on your head.


Message History

The black mamba bites you.
* * * LOW HITPOINT WARNING * * *
Unknown command.
You closely miss the shock serpent. You headbutt the shock serpent.
The shock serpent is moderately wounded.
You block the black mamba's attack.
The shock serpent shoots out a bolt of lightning at you!
The bolt of electricity hits you!
* * * LOW HITPOINT WARNING * * *
The naga warrior spits poison at you.
The splash of poison hits you but does no damage.
You resist.
You barely miss the shock serpent. You headbutt the shock serpent!
The shock serpent is heavily wounded.
The shock serpent's electric aura discharges, shocking you!
* * * LOW HITPOINT WARNING * * *
You block the black mamba's attack. The shock serpent bites you.
* * * LOW HITPOINT WARNING * * *
The shock serpent shocks you!
You die...

....... #..... #.....
### #####......##.....
#..##
...##......##....##....#
...##......##....'....$.
...##......##..SSN....?.
...##..[........@##
#.###.............##
#'###..............##
...##...............#
...##......##.......#
...#####รท####.......#
...#####.####.......#
#.###......##.......#
#'##.......##........#


You could see a naga warrior, a shock serpent and a black mamba.

Vanquished Creatures
  Rupert (D:15)
  A frost giant (IceCv)
  A yaktaur captain (D:15)
  2 fire dragons (D:13)
  5 vault guards (D:13)
  Fannar (Lair:2)
  7 hydras
  A merfolk avatar (Lair:6)
  2 ice dragons (D:13)
  2 anacondas
  A catoblepas (Lair:4)
  A tengu warrior (D:13)
  5 centaur warriors
  7 two-headed ogres
  A queen ant (Lair:3)
  Erica (Lair:2)
  8 death yaks
  An ogre mage (Volcano)
  A shock serpent (Snake:1)
  A naga sharpshooter (Snake:1)
  Sonja (Lair:1)
  3 skeletal warriors
  9 hell knights
  2 unseen horrors
  A wizard (D:15)
  A necromancer (D:14)
  4 orc knights
  A deep elf mage (D:15)
  2 orc sorcerers
  2 ugly things
  17 elephants
  2 manticores
  A merfolk siren (Lair:3)
  6 cyclopes
  Joseph (Lair:1)
  A gargoyle (D:13)
  An ice statue (IceCv)
  12 black mambas
  2 molten gargoyles (Volcano)
  9 spiny frogs
  6 komodo dragons
  5 kobold demonologists
  An efreet (D:15)
  A yaktaur (D:15)
  3 rime drakes
  7 trolls
  Grinder (D:6)
  6 hornets
  Prince Ribbit (Lair:1)
  24 polar bears
  3 wind drakes (Lair:6)
  26 blink frogs
  13 hippogriffs
  11 slime creatures
  A shadow (D:14)
  60 yaks
  5 wyverns
  A water elemental (D:14)
  A centaur simulacrum (D:14)
  2 vampire mosquitoes (D:12)
  4 fire bats
  2 basilisks
  7 humans (D:13)
  Grum (Lair:1)
  2 steam dragons
  6 wargs
  A naga (Lair:2)
  7 soldier ants (Lair:3)
  16 water moccasins
  7 hell hounds (D:14)
  19 porcupines
  41 orc warriors
  4 sky beasts
  6 ice beasts
  4 black bears
  An eye of draining (D:12)
  25 wolves
  12 ogres
  3 phantoms
  21 centaurs
  12 crocodiles
  7 big kobolds
  13 bullfrogs
  A wyvern zombie (D:8)
  A wyvern skeleton (D:14)
  7 scorpions
  A water moccasin skeleton (D:5)
  A troll zombie (Ossuary)
  10 killer bees
  9 wights
  An electric eel (D:14)
  2 howler monkeys
  4 lava snakes
  A bullfrog zombie (D:9)
  4 centaur zombies
  6 crimson imps
  2 jellies
  24 orc priests
  A wyvern simulacrum (D:14)
  A gnoll shaman (D:6)
  6 hounds
  17 orc wizards
  3 bullfrog skeletons
  6 centaur skeletons
  3 iguanas
  23 worker ants
  2 ogre zombies (Ossuary)
  2 big kobold zombies (Ossuary)
  7 mummies (Ossuary)
  Robin (D:3)
  8 gnolls
  14 adders
  6 shadow imps
  3 white imps (D:14)
  3 ufetubi (D:14)
  An ooze (D:2)
  5 adder zombies (Ossuary)
  3 worms
  5 dart slugs
  3 leopard geckos
  77 orcs
  4 giant cockroaches
  14 goblins
  15 hobgoblins
  3 jackals
  57 kobolds
  3 quokkas
  9 bats
  3 frilled lizards
  3 goblin zombies (Ossuary)
  5 hobgoblin zombies (Ossuary)
  2 jackal skeletons
  2 kobold zombies (Ossuary)
  A leopard gecko skeleton (D:4)
  2 orc zombies (Ossuary)
  A quokka skeleton (D:10)
  4 quokka zombies
  10 rats
  3 rat zombies (Ossuary)
  A bush (Lair:1)
  2 fungi
  A plant (Lair:1)
946 creatures vanquished.

Vanquished Creatures (others)
  A polar bear (IceCv)
  A yak (IceCv)
  2 wolves (IceCv)
  An orc wizard (D:7)
  A kobold (D:11)
  15 fungi
  12 plants
33 creatures vanquished.

Grand Total: 979 creatures vanquished

Notes
Turn   | Place    | Note
-------+----------+-------------------------------------------
     0 | D:1      | Peloso the Minotaur Fighter began the quest for the Orb.
     0 | D:1      | Reached XP level 1. HP: 19/19 MP: 0/0
    64 | D:1      | Found a glowing golden altar of the Shining One.
   180 | D:1      | Reached XP level 2. HP: 25/27 MP: 1/1
   746 | D:2      | Reached XP level 3. HP: 26/33 MP: 2/2
   775 | D:2      | Reached skill level 4 in Shields
  1037 | D:2      | Reached XP level 4. HP: 25/40 MP: 3/3
  1397 | D:3      | Noticed Robin
  1430 | D:3      | Reached XP level 5. HP: 36/46 MP: 4/4
  1438 | D:3      | Killed Robin
  1506 | D:3      | Noticed a black bear
  1513 | D:3      | Reached skill level 5 in Shields
  1524 | D:3      | Killed a black bear
  1524 | D:3      | Reached skill level 5 in Long Blades
  1524 | D:3      | Reached skill level 1 in Dodging
  1524 | D:3      | Reached XP level 6. HP: 11/53 MP: 5/5
  1777 | D:3      | Found an ancient bone altar of Kikubaaqudgha.
  1925 | D:3      | Found a faded altar of an unknown god.
  2668 | D:4      | Found a snail-covered altar of Cheibriados.
  2703 | D:4      | Found a burning altar of Makhleb.
  2732 | D:5      | Entered Level 5 of the Dungeon
  2753 | D:5      | Reached skill level 5 in Armour
  2753 | D:5      | Reached XP level 7. HP: 54/60 MP: 6/6
  2839 | D:5      | Reached skill level 5 in Fighting
  2839 | D:5      | Reached skill level 6 in Shields
  2969 | D:5      | Found a staircase to the Ecumenical Temple.
  3048 | Temple   | Entered the Ecumenical Temple
  3424 | D:5      | Found a runed translucent door.
  3581 | D:5      | Noticed Peloso's ghost (novice MiFi)
  3611 | D:6      | Reached skill level 7 in Shields
  3611 | D:6      | Reached XP level 8. HP: 68/68 MP: 7/7
  3661 | D:6      | Found a sand-covered staircase.
  3678 | Ossuary  | Entered an ossuary
  4554 | D:6      | Found a glowing silver altar of Zin.
  4554 | D:6      | Noticed an angel
  4554 | D:6      | Noticed Grinder
  4558 | D:6      | Paralysed by Grinder for 5 turns
  4576 | D:6      | Killed Grinder
  4646 | D:6      | Found a shimmering altar of Xom.
  4648 | D:6      | Found a shimmering blue altar of Sif Muna.
  4655 | D:6      | Found a basalt altar of Yredelemnul.
  4656 | D:6      | Found a hide-covered altar of Uskayaw.
  4656 | D:6      | Found a sacrificial altar of Ru.
  4656 | D:6      | Found an ornate altar of the Wu Jian Council.
  4658 | D:6      | Found an opulent altar of Gozag.
  4824 | D:7      | Reached XP level 9. HP: 77/77 MP: 8/8
  4833 | D:7      | Reached skill level 8 in Shields
  5037 | D:7      | Found Cookip's Antique Armour Boutique.
  5049 | D:7      | Got a steaming war axe
  5050 | D:7      | Identified the +7 war axe of Wyrd {chop, rPois rC+ Int-3
                  | Dex+3 SInv} (You found it on level 7 of the Dungeon)
  5209 | D:7      | Reached skill level 10 in Long Blades
  5213 | D:7      | Reached skill level 1 in Axes
  5513 | D:8      | Found a flagged portal.
  5521 | D:8      | Reached skill level 9 in Shields
  5538 | Bailey   | Entered a bailey
  5561 | Bailey   | Noticed an orc knight
  5571 | Bailey   | Killed an orc knight
  5598 | Bailey   | Reached XP level 10. HP: 22/86 MP: 9/9
  5801 | Bailey   | Identified the Tome of the Glacier and Aid
  6275 | D:8      | Found an iron altar of Okawaru.
  6282 | D:8      | Became a worshipper of Warmaster Okawaru
  6390 | D:8      | Reached skill level 10 in Shields
  6399 | D:8      | Reached skill level 1 in Evocations
  7369 | D:9      | Reached * piety under Okawaru
  7635 | D:9      | Reached ** piety under Okawaru
  7721 | D:9      | Reached skill level 11 in Shields
  8004 | D:10     | Entered Level 10 of the Dungeon
  8182 | D:10     | Reached XP level 11. HP: 82/94 MP: 10/10
  8205 | D:10     | Reached *** piety under Okawaru
  8556 | D:10     | Found a staircase to the Lair.
  8817 | D:10     | Found a shadowy altar of Dithmenos.
  9130 | D:11     | Noticed a skeletal warrior
  9160 | D:10     | Killed a skeletal warrior
  9183 | D:11     | Noticed a skeletal warrior
  9201 | D:11     | Killed a skeletal warrior
  9201 | D:11     | Reached **** piety under Okawaru
  9210 | D:11     | Noticed a skeletal warrior
  9224 | D:11     | Killed a skeletal warrior
  9224 | D:11     | Reached skill level 5 in Axes
  9450 | D:11     | Reached skill level 1 in Stealth
  9695 | D:11     | Found a portal to a secret trove of treasure.
  9977 | D:11     | Identified the cursed +1 leather armour "Vegoyddi" {Dex+5}
 10080 | D:11     | Reached ***** piety under Okawaru
 10296 | D:12     | Reached skill level 1 in Invocations
 10306 | D:12     | Reached skill level 12 in Shields
 10449 | D:12     | Noticed a cyan ugly thing
 10473 | D:12     | Killed a cyan ugly thing
 10893 | D:12     | Noticed a five-headed hydra
 10908 | D:12     | Killed a ten-headed hydra
 10908 | D:12     | Reached XP level 12. HP: 32/106 MP: 7/11
 11431 | D:12     | Found a staircase to the Orcish Mines.
 11476 | D:12     | Received a gift from Okawaru
 11476 | D:12     | Reached skill level 10 in Armour
 11489 | D:12     | Reached skill level 10 in Fighting
 11493 | D:12     | Got a dazzling broad axe {god gift}
 11494 | D:12     | Identified the +11 broad axe "Irheivuq" {chop, *Corrode
                  | +Rage Str+5 Int+8} (Okawaru gifted it to you on level 12 of
                  | the Dungeon)
 11831 | Lair:1   | Entered Level 1 of the Lair of Beasts
 12001 | Lair:1   | Noticed Grum
 12067 | Lair:1   | Killed Grum
 12477 | Lair:1   | Noticed Prince Ribbit
 12504 | Lair:1   | Killed Prince Ribbit
 12506 | Lair:1   | Noticed Joseph
 12530 | Lair:1   | Killed Joseph
 12708 | Lair:1   | Noticed Sonja
 12711 | Lair:1   | Killed Sonja
 13626 | Lair:2   | Noticed Erica
 13636 | Lair:2   | Killed Erica
 13636 | Lair:2   | Received a gift from Okawaru
 13695 | Lair:2   | Reached skill level 13 in Shields
 13696 | Lair:2   | Noticed a five-headed hydra
 13702 | Lair:2   | Killed a three-headed hydra
 13721 | Lair:2   | Received a gift from Okawaru
 13790 | Lair:2   | Received a gift from Okawaru
 13801 | Lair:2   | Found a dark tunnel.
 13810 | Volcano  | Entered a volcano
 14502 | Volcano  | Found a radiant altar of Vehumet.
 14502 | Volcano  | Noticed a two-headed ogre
 14502 | Volcano  | Noticed an ogre mage
 14502 | Volcano  | Noticed a two-headed ogre
 14502 | Volcano  | Noticed a two-headed ogre
 14506 | Volcano  | Killed a two-headed ogre
 14509 | Volcano  | Killed an ogre mage
 14509 | Volcano  | Reached XP level 13. HP: 106/116 MP: 10/13
 15151 | Volcano  | Found the +3 pair of gauntlets of War {Slay+5}
 15299 | Lair:2   | Reached skill level 5 in Dodging
 15340 | Lair:2   | Received a gift from Okawaru
 15678 | Lair:2   | Noticed Fannar
 15687 | Lair:2   | Killed Fannar
 15687 | Lair:2   | Reached skill level 14 in Shields
 15752 | Lair:2   | Found a staircase to the Snake Pit.
 15926 | Lair:2   | Got a bloodstained hat {god gift}
 15932 | Lair:2   | Identified the +0 hat of Qastraown {rC+} (Okawaru gifted it
                  | to you on level 2 of the Lair of Beasts)
 16777 | Lair:3   | Reached skill level 15 in Long Blades
 17233 | Lair:3   | Found a staircase to the Shoals.
 17842 | Lair:1   | Reached skill level 1 in Throwing
 17842 | Lair:1   | Reached skill level 1 in Unarmed Combat
 17842 | Lair:1   | Reached XP level 14. HP: 127/127 MP: 13/15
 17975 | Orc:1    | Entered Level 1 of the Orcish Mines
 18126 | Orc:2    | Entered Level 2 of the Orcish Mines
 18197 | D:13     | Reached skill level 15 in Shields
 18298 | D:13     | Reached XP level 15. HP: 118/134 MP: 16/16
 18570 | D:13     | Found a runed translucent door.
 18571 | D:13     | Found the +2 shield of Resistance {rF+ rC+ MR+}
 18593 | D:13     | Found a runed translucent door.
 18677 | D:13     | Received a gift from Okawaru
 19360 | D:13     | Found a gate to the Vaults.
 19483 | D:14     | Paralysed by a hornet for 1 turns
 19505 | D:14     | Found a frozen archway.
 19515 | IceCv    | Entered an ice cave
 19988 | IceCv    | Received a gift from Okawaru
 20256 | IceCv    | Noticed a frost giant
 20280 | IceCv    | Killed a frost giant
 20280 | IceCv    | Reached skill level 16 in Shields
 20536 | IceCv    | Identified the Handbook of the Frostbite
 22149 | D:15     | Entered Level 15 of the Dungeon
 23416 | Orc:2    | Found Soel's Jewellery Emporium.
 23416 | Orc:2    | Found Neguhe's Jewellery Boutique.
 23418 | Orc:2    | Found Soic's Gadget Shop.
 23420 | Orc:2    | Found Yhiad's Book Shoppe.
 23433 | Orc:2    | Bought the amulet "Jud Resa" {Gourm rPois MR+ Int+4} for
                  | 938 gold pieces
 23575 | Orc:2    | Found a staircase to the Elven Halls.
 24513 | D:15     | Reached ****** piety under Okawaru
 24959 | D:15     | Noticed Rupert
 24968 | D:15     | Killed Rupert
 24968 | D:15     | Received a gift from Okawaru
 25035 | D:15     | Reached XP level 16. HP: 146/146 MP: 17/17
 25232 | D:15     | Found a staircase to the Depths.
 25845 | Orc:2    | Bought an uncursed ring of protection from fire for 425
                  | gold pieces
 25845 | Orc:2    | Bought the amulet of the Meadowlark {Reflect MR+ SH+2} for
                  | 341 gold pieces
 26014 | D:13     | Reached skill level 17 in Shields
 26793 | Lair:4   | Received a gift from Okawaru
 28239 | D:11     | You paid a toll of a +7 demon blade to enter a treasure
                  | trove
 28240 | Trove    | Entered a treasure trove
 28252 | Trove    | Got a heavily runed platinum amulet
 28256 | Trove    | Got a heavily runed amber ring
 28282 | Trove    | Identified the ring of Jysuot {rC+ MP+9 Int+8} (You found
                  | it in a treasure trove)
 28284 | Trove    | Identified the amulet "Cyid" {Spirit rElec SInv} (You found
                  | it in a treasure trove)
 28394 | Snake:1  | Entered Level 1 of the Snake Pit
 29150 | Lair:5   | You fall into a shaft and drop 1 floor!
 29150 | Lair:6   | Entered Level 6 of the Lair of Beasts
 29164 | Lair:6   | Reached skill level 15 in Fighting
 29555 | Lair:6   | Received a gift from Okawaru
 29772 | Lair:6   | Reached skill level 18 in Shields
 30472 | Lair:5   | Found a staircase to the Slime Pits.
 31652 | Snake:1  | Mangled by a shock serpent

Levels and vault maps discovered:
D:1:      wander_arrival_fairy_ring, layout_basic, tso_metal_star
D:2:      kennysheep_six_static_rooms, layout_rooms, first_ration
D:3:      layout_basic, kiku_gazebo_garden_becter,
          chequers_ecumenical_altar_lobes, hangedman_decor_clover_reticule,
          uniq_robin
D:4:      layout_loops_cross, kennysheep_slug_shrine, makhleb_grotto_becter
D:5:      layout_basic, minmay_temple_entry_overgrown,
          ebering_ghost_reflecting_pool, hex_tiny
D:6:      layout_cave_pools, zin_angel, grunt_temple_overflow_open,
          lightli_ossuary_entry_decrepit_ruins, uniq_grinder
D:7:      layout_basic, serial_shops, nicolae_shop_overgrown_old_shop
D:8:      layout_loops_cross, overflow_temple_1_default, enter_bailey_2,
          kennysheep_generic_room_14
D:9:      layout_basic
D:10:     layout_irregular_city, grunt_lair_entry_orc_guard_hut, serial_rivers,
          chequers_serial_rivers_large_b, chequers_serial_rivers_room_a,
          chequers_serial_rivers_micro_e, chequers_serial_rivers_room_a,
          basic_altar
D:11:     layout_basic, enter_trove_2
D:12:     layout_loops_ring, orc_0_dummy, grunt_pizzeria
D:13:     layout_long_grid, ximxim_vaults_locker_room,
          minmay_guarded_unrand_resistance
D:14:     layout_irregular_city, minivault_4, serial_ice, serial_ice_j,
          serial_ice_b, serial_ice_m, serial_ice_h,
          portal_ice_cave_entry_pillars_2, kennysheep_diamond,
          minmay_rotating_lava
D:15:     grunt_enter_depths_snipers, layout_gridville, glass_columns_b,
          uniq_rupert
Temple:   nicolae_temple_figure_zero
Lair:1:   layout_cave_pods, serial_forest, infiniplex_forest_lined_3,
          infiniplex_forest_clump_C, infiniplex_forest_clump_C,
          infiniplex_forest_straight_5, infiniplex_forest_lined_4_way,
          beast_lair_carwin_1, uniq_joseph, uniq_prince_ribbit2, uniq_sonja,
          uniq_grum
Lair:2:   wander_river, layout_regular_city, guppyfry_snake_entry_garden,
          nicolae_volcano_entry_batcave, uniq_fannar, uniq_erica
Lair:3:   layout_long_grid, minmay_shoals_entry_lonely_mermaid,
          minmay_another_anthill
Lair:4:   layout_gridlike, grunt_megastairs_5
Lair:5:   beast_lair_carwin_large_3, layout_gridlike, slime_dummy,
          chequers_serial_rivers_small_a, cheibrodos_lair_lostbears,
          serial_bayou_shore_a
Lair:6:   gammafunk_lair_ancient_temple, layout_cave_pods
Snake:1:  kennysheep_snake, layout_grid_maze, ebering_ghost_inner_flame,
          minmay_shop_grove
Orc:1:    layout_caves
Orc:2:    st_orc_rangers, layout_diamond_mine

Skill      XL: |  1  2  3  4  5  6  7  8  9 10 11 12 13 14 15 16 |
---------------+-------------------------------------------------+-----
Fighting       | 4 5 6 7 8 9 11 12 14 15 | 15.5
Armour         | 4 5 6 7 8 9 11 12 13 14 | 14.7
Long Blades    | 3 4 5 6 7 9 10 11 13 14 15 16 17 | 17.1
Shields        | 4 5 7 9 11 12 13 14 15 16 18 | 18.2
Dodging        | 1 2 3 4 6 7 |  7.2
Axes           | 4 5 6 |  6.1
Evocations     | 1 2 3 |  3.5
Stealth        | 1 2 |  2.5
Invocations    | 1 3 |  3.0
Throwing       | 1 |  1.3
Unarmed Combat | 1 |  1.5
Spellcasting   | |  0.8

Action                   |  1- 3 |  4- 6 |  7- 9 | 10-12 | 13-15 | 16-18 || total
-------------------------+-------+-------+-------+-------+-------+-------++-------
Melee: Long sword        |    85 |   155 |   336 |   509 |       |       ||  1085
       Headbutt          |    15 |    34 |    99 |   253 |   234 |   136 ||   771
       War axe           |       |       |    97 |    62 |       |       ||   159
       Falchion          |       |       |       |   345 |       |       ||   345
       Scimitar          |       |       |       |    65 |   920 |   103 ||  1088
       Double sword      |       |       |       |       |       |   382 ||   382
Invok: Heroism           |       |       |       |    17 |     7 |     3 ||    27
 Abil: Evoke Flight      |       |       |       |     4 |     3 |     6 ||    13
Evoke: Wand              |       |       |       |    10 |       |     1 ||    11
  Use: Potion            |     2 |     1 |       |    11 |     5 |     1 ||    20
       Scroll            |       |       |    13 |    13 |     5 |    10 ||    41
  Eat: Chunk             |       |     6 |     7 |    21 |    39 |    19 ||    92
       Ration            |       |       |     1 |     3 |     1 |       ||     5
Armor: Scale mail        |     5 |       |       |       |       |       ||     5
       Chain mail        |    57 |   108 |   137 |   298 |   333 |   211 ||  1144
Dodge: Dodged            |    38 |    62 |   110 |   443 |   316 |   182 ||  1151
Block: Shield            |    55 |   126 |   230 |   698 |   697 |   423 ||  2229
       Rpst.: Long sword |    10 |    21 |    23 |    52 |       |       ||   106
       Falchion          |       |       |       |    12 |       |       ||    12
       Scimitar          |       |       |       |     6 |    66 |    10 ||    82
       Double sword      |       |       |       |       |       |    34 ||    34
